 Dungeon Crawl Stone Soup version 0.17-a0-1572-g7a1422d (webtiles) character file.

143 urechis the Cudgeler (level 5, 0/55 HPs)
             Began as an Ogre Gladiator on July 25, 2015.
             Slain by an iron imp (4 damage)
             ... summoned by Natasha
             ... on level 3 of the Dungeon.
             The game lasted 00:03:11 (2304 turns).

urechis the Cudgeler (Ogre Gladiator)               Turns: 2304, Time: 00:03:12

Health: 0/55       AC:  3    Str: 21    XL:     5   Next: 25%
Magic:  5/5        EV: 10    Int:  7    God:
Gold:   93         SH:  0    Dex: 10    Spells: 0 memorised, 4 levels left

rFire  . . .     SeeInvis .     a - +0 flail
rCold  . . .     Clarity  .     b - +0 robe
rNeg   . . .     SustAt   .     (no shield)
rPois  .         Gourm    .     c - +0 hat
rElec  .         Spirit   .     (no cloak)
rCorr  .         Warding  .     (gloves unavailable)
rMut   .         Stasis   .     (boots unavailable)
MR     .....                    (no amulet)
Stlth  +.........               (no ring)
                                (no ring)

@: not resistant to hostile enchantments, very unstealthy
A: unfitting armour, tough skin 1
a: no special abilities


You were on level 3 of the Dungeon.
You were hungry.

You visited 1 branch of the dungeon, and saw 3 of its levels.

You collected 93 gold pieces.

Inventory:

Hand weapons
 a - a +0 flail (weapon)
Missiles
 d - 4 throwing nets (quivered)
Armour
 b - a +0 robe (worn)
 c - a +0 hat (worn)
 k - a +0 shield
Scrolls
 f - a scroll of identify {unknown}
 g - a scroll of fog {unknown}
 h - 5 scrolls of teleportation {unknown}
 j - a scroll of random uselessness {unknown}
 n - a scroll of magic mapping {unknown}
Potions
 i - a potion of heal wounds
 o - a potion of curing {unknown}
 p - a potion of flight {unknown}
Comestibles
 e - a bread ration
 l - 2 meat rations
 m - 3 fruits
 q - a beef jerky


   Skills:
 + Level 4.7 Fighting
 * Level 6.5 Maces & Flails
 - Level 2.1 Throwing
 - Level 2.6 Dodging


You had 4 spell levels left.
You didn't know any spells.

Dungeon Overview and Level Annotations

Branches:
Dungeon (3/15)

Altars:
Nemelex Xobeh

Annotations:
D:3 Natasha


Innate Abilities, Weirdness & Mutations

You are too large for most types of armour.
You have tough skin (AC +1).


Message History

Natasha's fingertips start to glow.
Natasha claws you.
You see here a flail.
You hit the gnoll.
The gnoll is lightly wounded.
The gnoll hits you!
You hit the gnoll but do no damage.
The gnoll is lightly wounded.
The gnoll hits you. The gnoll completely misses you.
You barely miss the gnoll.
The gnoll is lightly wounded.
The gnoll hits you but does no damage. The gnoll hits you!
* * * LOW HITPOINT WARNING * * *
Natasha howls an incantation.
You feel disoriented.
You hit the iron imp but do no damage. The iron imp hits you!
* * * LOW HITPOINT WARNING * * *
You hit the iron imp but do no damage. The gnoll misses you.
The iron imp hits you.
You die...

....######.###.............#.#.##
.........................###.#.##
....#######.###..........# #.#.##
....# #.# #..#####+#####+#...
....# #.###...............##.
....#######..###.#...............
...............g.#............###
....#####.....##.#............# #
†...# #.....##@#.....)......#
.#### #....g##5#............# .#
#.....##<#............# ##
#....g.#.#............#
#....#)#.#............#
#....#...#............#
#....##..############## #....#
..# #...... ....


You could see an iron imp and a gnoll.

Vanquished Creatures
  Natasha (D:3)
  4 gnolls
  An adder (D:2)
  4 giant geckos
  3 ball pythons
  5 giant cockroaches
  11 hobgoblins
  8 jackals
  6 kobolds
  A quokka (D:3)
  6 bats
  7 giant newts
  A goblin (D:1)
  8 rats
66 creatures vanquished.

Notes
Turn   | Place    | Note
--------------------------------------------------------------
     0 | D:1      | urechis the Ogre Gladiator began the quest for the Orb.
     0 | D:1      | Reached XP level 1. HP: 22/22 MP: 1/1
   131 | D:1      | Reached XP level 2. HP: 24/31 MP: 2/2
   589 | D:1      | Reached XP level 3. HP: 28/37 MP: 3/3
   725 | D:1      | Reached skill level 5 in Maces & Flails
   919 | D:1      | Found a sparkling altar of Nemelex Xobeh.
   955 | D:2      | Reached XP level 4. HP: 16/48 MP: 4/4
  1503 | D:2      | Reached skill level 6 in Maces & Flails
  2031 | D:3      | Noticed Natasha
  2040 | D:3      | Killed Natasha
  2040 | D:3      | Reached XP level 5. HP: 15/55 MP: 5/5
  2283 | D:3      | Noticed Natasha
  2304 | D:3      | Slain by an iron imp

Vault maps used:
D:1:      dpeg_arrival_more_subterranean_lakeside_camping,
          nemelex_diamond_rough_becter
D:3:      nicolae_ru_path_of_blood, first_bread, uniq_natasha

Action                   |  1- 3 |  4- 6 || total
-------------------------+-------+-------++-------
Melee: Flail             |   103 |    89 ||   192
  Use: Potion            |       |     1 ||     1
 Stab: Sleeping          |     2 |     1 ||     3
  Eat: Chunk             |       |     4 ||     4
